[Event "Titled Tuesday Blitz April 11 Early 2023"]
[White "hsd2016"]
[Black "Sanchez Alvares, Kelvin Antonio"]
[BlackFideId "3906680"]
[WhiteElo "2093"]
[BlackElo "2217"]
[Result "1-0"]
[Round "11"]
[TimeControl "180+2"]
[Date "2023.04.11"]
[WhiteClock "0:00:15"]
[BlackClock "0:01:17"]

1. e4 e5 2. Nf3 Nc6 3. Bb5 a6 4. Bxc6 dxc6 5. O-O f6 6. d4 exd4 7. Nxd4 c5 8. Ne2 Qxd1 9. Rxd1 Bd7 10. Nbc3 O-O-O 11. f3 Bd6 12. Bf4 Bxf4 13. Nxf4 Ne7 14. Rd2 Bc6 15. Rad1 Rxd2 16. Rxd2 g5 17. Ne6 b6 18. Ng7 Rg8 19. Nh5 Rf8 20. Ng3 Rd8 21. Rxd8+ Kxd8 22. Kf2 Be8 23. Ke3 Ng6 24. Nd5 Ne5 25. b3 Nd7 26. Ne2 Bf7 27. Nec3 b5 28. Kd3 c4+ 29. bxc4 c6 30. Ne3 Ne5+ 31. Kd4 Nxc4 32. Nxc4 Bxc4 33. a3 Kc7 34. Kc5 Bf1 35. g3 a5 36. Nb1 Bg2 37. Nd2 h5 38. c3 Bh3 39. Nb3 Bg2 40. Nd4 Bh1 41. Ne6+ Kd7 42. Nd4 h4 43. gxh4 gxh4 44. Nxc6 Bxf3 45. Nxa5 Bxe4 46. Kxb5 Bd3+ 47. Kc5 Ke6 48. Nb3 Ke5 49. Nd4 f5 50. a4 f4 51. a5 Ke4 52. Kb6 f3 53. Nxf3 Kxf3 54. a6 Kg2 55. a7 Be4 56. c4 Kxh2 57. c5 Ba8 58. c6 Kg3 59. c7 h3 60. c8=Q h2 61. Qxa8 h1=Q 62. Qxh1 1-0


[Site "https://www.chess.com"]

[Event "Titled Tuesday Blitz April 11 Early 2023"]
[White "Sanchez, Robert"]
[Black "Quirke, Jeffrey"]
[WhiteFideId "2034360"]
[BlackFideId "2013029"]
[WhiteElo "1983"]
[BlackElo "2241"]
[Result "0-1"]
[Round "11"]
[TimeControl "180+2"]
[Date "2023.04.11"]
[WhiteClock "0:00:50"]
[BlackClock "0:00:03"]

1. e4 Nf6 2. Nc3 d5 3. e5 Nfd7 4. f4 e6 5. Nf3 c5 6. d4 Nc6 7. Be3 cxd4 8. Nxd4 Bc5 9. Qd2 Nxd4 10. Bxd4 Bxd4 11. Qxd4 Qb6 12. O-O-O O-O 13. Qd2 a6 14. Bd3 Nc5 15. Kb1 Bd7 16. h4 Nxd3 17. cxd3 Qa5 18. d4 Rfc8 19. g4 Rc4 20. Rhf1 Rac8 21. Rf3 Qc7 22. f5 b5 23. f6 h6 24. fxg7 Kxg7 25. Rf6 Rxc3 26. Qxh6+ Kg8 27. Rd2 Rc1# 0-1


[Site "https://www.chess.com"]

[Event "Titled Tuesday Blitz April 11 Early 2023"]
[White "Hartikainen, Jarmo"]
[Black "Gritsenko, Nikolai"]
[WhiteFideId "503134"]
[BlackFideId "14112493"]
[WhiteElo "2054"]
[BlackElo "2389"]
[Result "0-1"]
[Round "11"]
[TimeControl "180+2"]
[Date "2023.04.11"]
[WhiteClock "0:00:28"]
[BlackClock "0:00:36"]

1. e4 f6 2. d4 c6 3. Nc3 g6 4. Nf3 Nh6 5. Bd3 Nf7 6. h4 d6 7. Be3 b5 8. a3 a6 9. Qd2 Bb7 10. e5 fxe5 11. dxe5 Bg7 12. h5 Nxe5 13. Nxe5 Bxe5 14. hxg6 hxg6 15. O-O-O Kd7 16. Bxg6 Kc8 17. f4 Bf6 18. g4 Nd7 19. Bf5 Kc7 20. Qf2 c5 21. Nd5+ Bxd5 22. Rxd5 Rxh1+ 23. Kd2 Nb6 24. Be4 Nxd5 25. Bxd5 Qh8 26. Bxc5 Rh2 27. Bg2 Rxg2 28. Bb6+ Kb7 29. Qxg2+ Kxb6 30. c3 Rc8 31. g5 Bxc3+ 0-1


[Site "https://www.chess.com"]